AoeStats
← Focanegra11

MegaRandom

509488024Analyzed
3v3 RM · 6d ago on Sep 26, 2026· 54m 50s· 6 players
Game mode
Random Map
Map size
Normal (6 player)
Population
200
Speed
Normal
Resources
Standard
Victory
Conquest
Starting age
Dark Age
Ending age
Imperial Age
RankedLock teamsTeams togetherTeam positionsShared explorationLock speedFull tech treeHidden civsTurbo modeCheats
Victory
Defeat
🇺🇾 Byzantines · Uruguay
1189
+12
🇺🇾 Magyars · Uruguay
1122
+14
🇹🇷 Saxons · Türkiye
1119
+27
🇺🇾 Mongols · Uruguay
1137
-16
🇺🇾 Ethiopians · Uruguay
1102
-14
🇺🇾 Celts · Uruguay
1033
-11
danielvera932
6:54 Loom
9:38 Feudal Age
7:54 Loom
10:33 Double-Bit Axe
20:45 Castle Age
19:53 Bloodlines
21:06 Wheelbarrow
23:20 Gold Mining
23:38 Scale Barding Armor
24:22 Husbandry
25:23 Town Watch
26:07 Chain Barding Armor
32:00 Imperial Age
30:27 Hand Cart
31:19 Bow Saw
32:33 Cavalier
36:41 Horse Collar
38:04 Two-Man Saw
38:06 Gold Shaft Mining
37:22 Stone Mining
38:51 Conscription
39:44 Plate Barding Armor
39:55 Masonry
40:47 Chemistry
39:48 Paladin
41:48 Corvinian Army
42:09 Elite Magyar Huszar
48:21 Ballistics
48:07 Siege Engineers
48:22 Elite Skirmisher
49:08 Thumb Ring
49:03 Fletching
49:13 Padded Archer Armor
52:17 Bodkin Arrow
52:38 Leather Archer Armor
52:22 Murder Holes
54:24 Heavy Plow
55:13 Hoardings
pain
11:39 Feudal Age
12:53 Double-Bit Axe
19:51 Horse Collar
21:41 Padded Archer Armor
21:31 Fletching
25:15 Castle Age
23:39 Forging
27:07 Elite Skirmisher
30:27 Bodkin Arrow
30:47 Leather Archer Armor
32:55 Heavy Plow
35:19 Iron Casting
34:44 Scale Mail Armor
38:50 Imperial Age
37:44 Chain Mail Armor
37:34 Scale Barding Armor
39:25 Elite Varangian Guard
40:31 Bracer
41:15 Murder Holes
42:23 Chemistry
41:43 Ballistics
41:04 Treadmill Crane
41:35 Masonry
48:52 Arson
49:07 Squires
48:53 Gambesons
49:45 Masonry
49:26 Heated Shot
53:12 Chain Barding Armor
53:22 Plate Mail Armor
BOT [Quaa]
2:11 Loom
10:49 Feudal Age
15:30 Castle Age
27:17 Fletching
29:29 Bodkin Arrow
30:00 Horse Collar
32:20 Murder Holes
36:22 Imperial Age
33:46 Pikeman
34:11 Gambesons
34:27 Squires
34:12 Arson
34:30 Gold Mining
35:08 Double-Bit Axe
35:52 Heavy Plow
36:44 Bow Saw
37:12 Wheelbarrow
36:33 Elite Varangian Guard
37:31 Scale Mail Armor
38:36 Chain Mail Armor
39:12 Forging
40:53 Plate Mail Armor
43:14 Iron Casting
42:41 Elite Skirmisher
44:38 Bracer
45:05 Ballistics
45:47 Conscription
48:14 Padded Archer Armor
50:02 Leather Archer Armor
51:31 Ring Archer Armor
51:27 Thumb Ring
52:59 Chemistry
Focanegra11
10:26 Feudal Age
11:02 Double-Bit Axe
11:03 Horse Collar
11:42 Loom
15:47 Fletching
21:06 Castle Age
19:08 Gold Mining
21:13 Crossbowman
22:36 Squires
23:27 Bodkin Arrow
24:50 Wheelbarrow
26:24 Ballistics
26:21 Heavy Plow
26:55 Padded Archer Armor
35:22 Imperial Age
34:05 Leather Archer Armor
35:34 Thumb Ring
35:52 Scale Mail Armor
36:20 Hand Cart
36:03 Stone Mining
36:47 Bracer
37:52 Chemistry
36:24 Arbalester
38:10 Ring Archer Armor
38:58 Chain Mail Armor
39:34 Gold Shaft Mining
40:02 Conscription
39:44 Town Watch
40:45 Halberdier
42:29 Plate Mail Armor
42:08 Caravan
43:01 Forging
43:29 Bow Saw
44:05 Torsion Engines
44:12 Arson
44:29 Town Patrol
46:28 Two-Man Saw
45:09 Elite Skirmisher
46:54 Elite Shotel Warrior
52:29 Stone Shaft Mining
NarcoTeletubie
8:31 Loom
11:53 Feudal Age
12:19 Double-Bit Axe
12:17 Horse Collar
13:24 Gold Mining
13:40 Man-at-Arms
15:43 Arson
16:07 Scale Mail Armor
19:30 Wheelbarrow
23:39 Castle Age
21:55 Stone Mining
24:16 Long Swordsman
24:18 Pikeman
28:47 Fletching
35:51 Chain Mail Armor
40:48 Gold Shaft Mining
46:14 Imperial Age
43:58 Murder Holes
44:45 Gambesons
DiegoBS
11:54 Feudal Age
15:50 Castle Age
14:19 Horse Collar
14:51 Double-Bit Axe
16:12 Loom
18:43 Bow Saw
19:20 Squires
21:07 Stone Mining
21:48 Gold Mining
24:15 Pikeman
24:42 Arson
30:16 Heavy Plow
32:36 Forging
32:26 Scale Mail Armor
32:31 Scale Barding Armor
32:17 Fletching
32:27 Padded Archer Armor
32:49 Town Watch
34:56 Gold Shaft Mining
34:57 Stone Shaft Mining
35:43 Caravan
36:14 Coinage
36:29 Wheelbarrow
41:44 Imperial Age
39:19 Town Patrol
43:05 Conscription
42:16 Elite Mangudai
42:26 Sappers
42:58 Nomads
46:26 Iron Casting
46:06 Chain Mail Armor
45:56 Scale Barding Armor
45:47 Bodkin Arrow
45:52 Padded Archer Armor
46:15 Man-at-Arms
52:07 Blast Furnace
51:38 Plate Mail Armor
51:28 Chain Barding Armor
51:24 Leather Archer Armor
51:09 Bracer
Connection lost

Rejoining the realm…

Still unreachable

The connection could not be restored.

Session expired

The server has moved on; the page needs a fresh start.